Workbook
Name C_Despesa: '[1]Dades auxiliars'!$N$1:$N$9
Name Dades_Servei: '[2]Dades auxiliars'!$A$1:$J$262
Name T_Despesa: '[1]Dades auxiliars'!$M$1:$M$5

Sheet Càlcul pressupost 
A1: AM_SAP RRHH | D1: AM_SAP RRHH
A2: Data inici contracte | B2: 44075 | F2: =+B3 -> 44151 | I2: 44927
A3: Data inici servei | B3: 44151 | F3: 44196 | I3: =+B4 -> 45169
A4: Data fi del contracte | B4: 45169 | F4: =F3-F2+1 -> 46 | I4: =I3-I2+1 -> 243
D5: Servei | F5: Import 2020 | G5: Import 2021 | H5: Import 2022 | I5: Import 2023 | J5: Import Total IVA inclòs | K5: Import Total IVA exclòs
C6: TRABAJO HECHO REAL EN INCIDENCIA. SE PAGA AL FINAL | D6: Manteniment correctiu | F6: =ROUND(H24*$F$4/365,2) -> 23675.51 | G6: =ROUND($H$24,2) -> 187860 | H6: =ROUND($H$24,2) -> 187860 | I6: =ROUND(H6*$I$4/365,2) -> 125068.44 | J6: =SUM(F6:I6) -> 524463.95 | K6: =+ROUND(J6/1.21,2) -> 433441.28
C7: TRABAJO VALORADO Y ACEPTADO. SE PAGA AL FINAL | D7: Manteniment recurrent | F7: =ROUND(K24*$F$4/365,2) -> 75228.02 | G7: =ROUND($K$24,2) -> 596918 | H7: =ROUND($K$24,2) -> 596918 | I7: =ROUND(H7*$I$4/365,2) -> 397400.2 | J7: =SUM(F7:I7) -> 1666464.2 | K7: =+ROUND(J7/1.21,2) -> 1377243.2
C8: TARIFA PLANA | D8: Oficina tècnica | F8: =ROUND(N24*$F$4/365,2) -> 11272.65 | G8: =ROUND(N24,2) -> 89446 | H8: =ROUND(N24,2) -> 89446 | I8: =ROUND(H8*$I$4/365,2) -> 59548.98 | J8: =SUM(F8:I8) -> 249713.63 | K8: =+ROUND(J8/1.21,2) -> 206374.9
D9: Transició | F9: =SUM(Q14:Q23) -> 21855.62 | J9: =SUM(F9:I9) -> 21855.62 | K9: =+ROUND(J9/1.21,2) -> 18062.5
D10: Import total licitació | F10: =SUM(F6:F9) -> 132031.8 | G10: =SUM(G6:G9) -> 874224 | H10: =SUM(H6:H9) -> 874224 | I10: =SUM(I6:I9) -> 582017.62 | J10: =SUM(J6:J9) -> 2462497.4 | K10: =SUM(K6:K9) -> 2035121.8
A13: Servei | B13: Nom Servei | C13: Codi Aplicació | D13: Nom Aplicació | E13: Criticitat | F13: IT Manteniment correctiu | G13: Preu/hora | H13: € Manteniment correctiu | I13: PT Manteniment recurrent | J13: Preu/hora | K13: € Manteniment recurrent | L13: TT Oficina Tècnica | M13: Preu/hora | N13: € Oficina Tècnica | O13: Data inici transició | P13: Data inici servei | Q13: € Transició
A14: SER0049 | B14: Nòmina SAP | C14: APP0455 | D14: PY- Calcul nomina SAP-HCM | E14: 1 | F14: 800 | G14: =Perfils!$G$7 -> 60.6 | H14: =ROUND(G14*F14,2) -> 48480 | I14: 2500 | J14: =Perfils!$G$13 -> 60.91 | K14: =ROUND(J14*I14,2) -> 152275 | L14: 300 | M14: =Perfils!$G$19 -> 63.89 | N14: =ROUND(M14*L14,2) -> 19167 | O14: =+$B$2 -> 44075 | P14: =+$B$3 -> 44151 | Q14: =ROUND(((+H14+K14+N14)/12*0.3),2) -> 5498.05
A15: SER0052 | B15: Portal Empleat | C15: APP0530 | D15: ESS- Serveis portals SAP-HCM | E15: 1 | F15: 300 | G15: =Perfils!$G$7 -> 60.6 | H15: =ROUND(G15*F15,2) -> 18180 | I15: 500 | J15: =Perfils!$G$13 -> 60.91 | K15: =ROUND(J15*I15,2) -> 30455 | L15: 200 | M15: =Perfils!$G$19 -> 63.89 | N15: =ROUND(M15*L15,2) -> 12778 | O15: =+$B$2 -> 44075 | P15: =+$B$3 -> 44151 | Q15: =ROUND(((+H15+K15+N15)/12*0.3),2) -> 1535.33
A16: SER0509 | B16: Selecció de personal | C16: APP0753 | D16: SE-Processos de selecció a SAP-HCM | E16: 1 | F16: 600 | G16: =Perfils!$G$7 -> 60.6 | H16: =ROUND(G16*F16,2) -> 36360 | I16: 2000 | J16: =Perfils!$G$13 -> 60.91 | K16: =ROUND(J16*I16,2) -> 121820 | L16: 200 | M16: =Perfils!$G$19 -> 63.89 | N16: =ROUND(M16*L16,2) -> 12778 | O16: =+$B$2 -> 44075 | P16: =+$B$3 -> 44151 | Q16: =ROUND(((+H16+K16+N16)/12*0.3),2) -> 4273.95
A17: SER0054 | B17: Organització i Administració de Personal | C17: APP0019 | D17: PA- Administració personal SAP-HCM | E17: 1 | F17: 300 | G17: =Perfils!$G$7 -> 60.6 | H17: =ROUND(G17*F17,2) -> 18180 | I17: 500 | J17: =Perfils!$G$13 -> 60.91 | K17: =ROUND(J17*I17,2) -> 30455 | L17: 100 | M17: =Perfils!$G$19 -> 63.89 | N17: =ROUND(M17*L17,2) -> 6389 | O17: =+$B$2 -> 44075 | P17: =+$B$3 -> 44151 | Q17: =ROUND(((+H17+K17+N17)/12*0.3),2) -> 1375.6
A18: SER0054 | B18: Organització i Administració de Personal | C18: APP0313 | D18: SAP-HCM-PT Gestió de temps | E18: 1 | F18: 400 | G18: =Perfils!$G$7 -> 60.6 | H18: =ROUND(G18*F18,2) -> 24240 | I18: 2500 | J18: =Perfils!$G$13 -> 60.91 | K18: =ROUND(J18*I18,2) -> 152275 | L18: 200 | M18: =Perfils!$G$19 -> 63.89 | N18: =ROUND(M18*L18,2) -> 12778 | O18: =+$B$2 -> 44075 | P18: =+$B$3 -> 44151 | Q18: =ROUND(((+H18+K18+N18)/12*0.3),2) -> 4732.33
A19: SER0054 | B19: Organització i Administració de Personal | C19: APP0322 | D19: SAP-HCM-OM Gestió organigrama | E19: 1 | F19: 200 | G19: =Perfils!$G$7 -> 60.6 | H19: =ROUND(G19*F19,2) -> 12120 | I19: 500 | J19: =Perfils!$G$13 -> 60.91 | K19: =ROUND(J19*I19,2) -> 30455 | L19: 100 | M19: =Perfils!$G$19 -> 63.89 | N19: =ROUND(M19*L19,2) -> 6389 | O19: =+$B$2 -> 44075 | P19: =+$B$3 -> 44151 | Q19: =ROUND(((+H19+K19+N19)/12*0.3),2) -> 1224.1
A20: SER0055 | B20: Desenvolupament de personal | C20: APP0277 | D20: LS- Gestió formació SAP-HCM | E20: 2 | F20: 100 | G20: =Perfils!$G$7 -> 60.6 | H20: =ROUND(G20*F20,2) -> 6060 | I20: 500 | J20: =Perfils!$G$13 -> 60.91 | K20: =ROUND(J20*I20,2) -> 30455 | L20: 100 | M20: =Perfils!$G$19 -> 63.89 | N20: =ROUND(M20*L20,2) -> 6389 | O20: =+$B$2 -> 44075 | P20: =+$B$3 -> 44151 | Q20: =ROUND(((+H20+K20+N20)/12*0.3),2) -> 1072.6
A21: SER0159 | B21: Gestió d'Expedients de Personal | C21: APP0266 | D21: SAP-HCM-RMS Expedients electrònics | E21: 1 | F21: 100 | G21: =Perfils!$G$7 -> 60.6 | H21: =ROUND(G21*F21,2) -> 6060 | I21: 400 | J21: =Perfils!$G$13 -> 60.91 | K21: =ROUND(J21*I21,2) -> 24364 | L21: 100 | M21: =Perfils!$G$19 -> 63.89 | N21: =ROUND(M21*L21,2) -> 6389 | O21: =+$B$2 -> 44075 | P21: =+$B$3 -> 44151 | Q21: =ROUND(((+H21+K21+N21)/12*0.3),2) -> 920.33
A22: SER0296 | B22: Gestió pressupost SAP | C22: APP0323 | D22: SAP-HCM-FM Gestió pressupostaria | E22: 1 | F22: 100 | G22: =Perfils!$G$7 -> 60.6 | H22: =ROUND(G22*F22,2) -> 6060 | I22: 400 | J22: =Perfils!$G$13 -> 60.91 | K22: =ROUND(J22*I22,2) -> 24364 | L22: 100 | M22: =Perfils!$G$19 -> 63.89 | N22: =ROUND(M22*L22,2) -> 6389 | O22: =+$B$2 -> 44075 | P22: =+$B$3 -> 44151 | Q22: =ROUND(((+H22+K22+N22)/12*0.3),2) -> 920.33
A23: SER0297 | B23: Nòmines SIP | C23: APP0456 | D23: SIPM. Nomina SIP | E23: 3 | F23: 200 | G23: =Perfils!$G$7 -> 60.6 | H23: =ROUND(G23*F23,2) -> 12120 | I23: 0 | J23: =Perfils!$G$13 -> 60.91 | K23: =ROUND(J23*I23,2) -> 0 | L23: 0 | M23: =Perfils!$G$19 -> 63.89 | N23: =ROUND(M23*L23,2) -> 0 | O23: =+$B$2 -> 44075 | P23: =+$B$3 -> 44151 | Q23: =ROUND(((+H23+K23+N23)/12*0.3),2) -> 303
A24: Total | F24: =SUM(F14:F23) -> 3100 | H24: =SUM(H14:H23) -> 187860 | I24: =SUM(I14:I23) -> 9800 | K24: =SUM(K14:K23) -> 596918 | L24: =SUM(L14:L23) -> 1400 | N24: =SUM(N14:N23) -> 89446 | Q24: =SUM(Q14:Q23) -> 21855.62
D26: fte | F26: =(F24/11/8)/20 -> 1.7613636 | I26: =(I24/11/8)/20 -> 5.5681818 | L26: =(L24/11/8)/20 -> 0.79545455

Sheet Perfils
B2: Servei plec | C2: Perfil | D2: % dedicació | E2: Preu perfil IVA inclòs | F2: Preu perfil IVA exclòs | G2: Preu / hora /perfil
B3: Manteniment correctiu | C3: Responsable de contracte | D3: 0.05 | E3: =+C24 -> 77.28 | F3: =+ROUND(E3/1.21,2) -> 63.87 | G3: =E3*D3 -> 3.864
C4: Consultor sènior SAP | D4: 0.7 | E4: =+C25 -> 64.15 | F4: =+ROUND(E4/1.21,2) -> 53.02 | G4: =E4*D4 -> 44.905
C5: Analista programador SAP | D5: 0.2 | E5: =+C26 -> 48.25 | F5: =+ROUND(E5/1.21,2) -> 39.88 | G5: =E5*D5 -> 9.65
C6: Analista programador J2EE | D6: 0.05 | E6: =+C28 -> 43.58 | F6: =+ROUND(E6/1.21,2) -> 36.02 | G6: =E6*D6 -> 2.179
C7: Preu perfil tipus | G7: =ROUND(SUM(G3:G6),2) -> 60.6 | H7: =SUM(D3:D6) -> 1
B8: Manteniment recurrent | C8: Responsable de contracte | D8: 0.15 | E8: =+C24 -> 77.28 | F8: =+ROUND(E8/1.21,2) -> 63.87 | G8: =E8*D8 -> 11.592
C9: Consultor sènior SAP | D9: 0.5 | E9: =+C25 -> 64.15 | F9: =+ROUND(E9/1.21,2) -> 53.02 | G9: =E9*D9 -> 32.075
C10: Analista programador SAP | D10: 0.25 | E10: =+C26 -> 48.25 | F10: =+ROUND(E10/1.21,2) -> 39.88 | G10: =E10*D10 -> 12.0625
C11: Arquitecte J2EE / Responsable tècnic de seguretat | D11: 0.05 | E11: =+C27 -> 60.09 | F11: =+ROUND(E11/1.21,2) -> 49.66 | G11: =E11*D11 -> 3.0045
C12: Analista programador J2EE | D12: 0.05 | E12: =+C28 -> 43.58 | F12: =+ROUND(E12/1.21,2) -> 36.02 | G12: =E12*D12 -> 2.179
C13: Preu perfil tipus | G13: =ROUND(SUM(G8:G12),2) -> 60.91 | H13: =SUM(D8:D12) -> 1
B14: Oficina Tècnica | C14: Responsable de contracte | D14: 0.15 | E14: =+C24 -> 77.28 | F14: =+ROUND(E14/1.21,2) -> 63.87 | G14: =E14*D14 -> 11.592
C15: Consultor sènior SAP | D15: 0.65 | E15: =+C25 -> 64.15 | F15: =+ROUND(E15/1.21,2) -> 53.02 | G15: =E15*D15 -> 41.6975
C16: Analista programador SAP | D16: 0.05 | E16: =+C26 -> 48.25 | F16: =+ROUND(E16/1.21,2) -> 39.88 | G16: =E16*D16 -> 2.4125
C17: Arquitecte J2EE / Responsable tècnic de seguretat | D17: 0.1 | E17: =+C27 -> 60.09 | F17: =+ROUND(E17/1.21,2) -> 49.66 | G17: =E17*D17 -> 6.009
C18: Analista programador J2EE | D18: 0.05 | E18: =+C28 -> 43.58 | F18: =+ROUND(E18/1.21,2) -> 36.02 | G18: =E18*D18 -> 2.179
C19: Preu perfil tipus | G19: =ROUND(SUM(G14:G18),2) -> 63.89 | H19: =SUM(D14:D18) -> 1
C23: Import €/hora amb IVA | D23: Preu/hora IVA exclòs
B24: Responsable de contracte | C24: 77.28 | D24: 63.87
B25: Consultor sènior SAP | C25: 64.15 | D25: 53.02
B26: Analista programador SAP | C26: 48.25 | D26: 39.88
B27: Arquitecte J2EE / Responsable tècnic de seguretat | C27: 60.09 | D27: 49.66
B28: Analista programador J2EE | C28: 43.58 | D28: 36.02

Sheet Taules IJ
A2: Distribució de pressupost per any i per servei
B4: 2020 | E4: 2021 | H4: 2022 | K4: 2023
A5: Serveis | B5: Import net | C5: IVA 21% | D5: Import total | E5: Import net | F5: IVA 21% | G5: Import total | H5: Import net | I5: IVA 21% | J5: Import total | K5: Import net | L5: IVA 21% | M5: Import total | N5: Total import net | O5: Total IVA 21% | P5: Total import contracte
A6: Manteniment correctiu | B6: =ROUND('Càlcul pressupost '!F6/1.21,2) -> 19566.54 | C6: =ROUND(B6*0.21,2) -> 4108.97 | D6: =+B6+C6 -> 23675.51 | E6: =ROUND('Càlcul pressupost '!G6/1.21,2) -> 155256.2 | F6: =ROUND(E6*0.21,2) -> 32603.8 | G6: =+E6+F6 -> 187860 | H6: =ROUND('Càlcul pressupost '!H6/1.21,2) -> 155256.2 | I6: =ROUND(H6*0.21,2) -> 32603.8 | J6: =+H6+I6 -> 187860 | K6: =ROUND('Càlcul pressupost '!I6/1.21,2) -> 103362.35 | L6: =ROUND(K6*0.21,2) -> 21706.09 | M6: =+K6+L6 -> 125068.44 | N6: =+B6+E6+H6+K6 -> 433441.29 | O6: =+C6+F6+I6+L6 -> 91022.66 | P6: =+D6+G6+J6+M6 -> 524463.95
A7: Manteniment recurrent | B7: =ROUND('Càlcul pressupost '!F7/1.21,2) -> 62171.92 | C7: =ROUND(B7*0.21,2) -> 13056.1 | D7: =+B7+C7 -> 75228.02 | E7: =ROUND('Càlcul pressupost '!G7/1.21,2) -> 493320.66 | F7: =ROUND(E7*0.21,2) -> 103597.34 | G7: =+E7+F7 -> 596918 | H7: =ROUND('Càlcul pressupost '!H7/1.21,2) -> 493320.66 | I7: =ROUND(H7*0.21,2) -> 103597.34 | J7: =+H7+I7 -> 596918 | K7: =ROUND('Càlcul pressupost '!I7/1.21,2) -> 328429.92 | L7: =ROUND(K7*0.21,2) -> 68970.28 | M7: =+K7+L7 -> 397400.2 | N7: =+B7+E7+H7+K7 -> 1377243.2 | O7: =+C7+F7+I7+L7 -> 289221.06 | P7: =+D7+G7+J7+M7 -> 1666464.2
A8: Oficina Tècnica | B8: =ROUND('Càlcul pressupost '!F8/1.21,2) -> 9316.24 | C8: =ROUND(B8*0.21,2) -> 1956.41 | D8: =+B8+C8 -> 11272.65 | E8: =ROUND('Càlcul pressupost '!G8/1.21,2) -> 73922.31 | F8: =ROUND(E8*0.21,2) -> 15523.69 | G8: =+E8+F8 -> 89446 | H8: =ROUND('Càlcul pressupost '!H8/1.21,2) -> 73922.31 | I8: =ROUND(H8*0.21,2) -> 15523.69 | J8: =+H8+I8 -> 89446 | K8: =ROUND('Càlcul pressupost '!I8/1.21,2) -> 49214.03 | L8: =ROUND(K8*0.21,2) -> 10334.95 | M8: =+K8+L8 -> 59548.98 | N8: =+B8+E8+H8+K8 -> 206374.89 | O8: =+C8+F8+I8+L8 -> 43338.74 | P8: =+D8+G8+J8+M8 -> 249713.63
A9: Transició | B9: =ROUND('Càlcul pressupost '!F9/1.21,2) -> 18062.5 | C9: =ROUND(B9*0.21,2) -> 3793.13 | D9: =+B9+C9 -> 21855.63 | E9: =ROUND('Càlcul pressupost '!G9/1.21,2) -> 0 | F9: =ROUND(E9*0.21,2) -> 0 | G9: =+E9+F9 -> 0 | H9: =ROUND('Càlcul pressupost '!H9/1.21,2) -> 0 | I9: =ROUND(H9*0.21,2) -> 0 | J9: =+H9+I9 -> 0 | K9: =ROUND('Càlcul pressupost '!I9/1.21,2) -> 0 | L9: =ROUND(K9*0.21,2) -> 0 | M9: =+K9+L9 -> 0 | N9: =+B9+E9+H9+K9 -> 18062.5 | O9: =+C9+F9+I9+L9 -> 3793.13 | P9: =+D9+G9+J9+M9 -> 21855.63
B10: =SUM(B6:B9) -> 109117.2 | C10: =SUM(C6:C9) -> 22914.61 | D10: =SUM(D6:D9) -> 132031.81 | E10: =SUM(E6:E9) -> 722499.17 | F10: =SUM(F6:F9) -> 151724.83 | G10: =SUM(G6:G9) -> 874224 | H10: =SUM(H6:H9) -> 722499.17 | I10: =SUM(I6:I9) -> 151724.83 | ... P10: =SUM(P6:P9) -> 2462497.4
A12: Distribució de pressupost per any
A14: TOTAL
A15: Any | B15: Pressupost net | C15: IVA | D15: Import total
A16: 2020 | B16: =+B10 -> 109117.2 | C16: =+C10 -> 22914.61 | D16: =+B16+C16 -> 132031.81 | E16: (*) L'import total de l'IVA correspon al sumatori dels imports individuals detallats a la taula anterior (fila 10, columnes C, F, I, L) i no a l'aplicació directa de l'IVA actual del 21% sobre el pressupost net totalitzat (files 16 a 19 columna B).
A17: 2021 | B17: =+E10 -> 722499.17 | C17: =+F10 -> 151724.83 | D17: =+G10 -> 874224
A18: 2022 | B18: =+H10 -> 722499.17 | C18: =+I10 -> 151724.83 | D18: =+J10 -> 874224
A19: 2023 | B19: =+K10 -> 481006.3 | C19: =+L10 -> 101011.32 | D19: =+M10 -> 582017.62
A20: Total | B20: =SUM(B16:B19) -> 2035121.8 | C20: =SUM(C16:C19) -> 427375.59 | D20: =SUM(D16:D19) -> 2462497.4
D21: =+B20*1.21 -> 2462497.4
A24: Modificacions de contracte: ampliació / disminució
A25: Causes previstes de modificació | B25: Import contracte (IVA inclòs) | C25: % Ampliació sobre import del contracte | D25: Import màxim ampliació (amb IVA) | E25: % Disminució sobre import del contracte | F25: Import màxim disminució (amb IVA)
A26: Modificacions per augment o disminució de volumetries en Serveis/Aplicacions | B26: =$D$20 -> 2462497.4 | C26: 0.2 | D26: =+ROUND(B26*C26,2) -> 492499.49 | E26: 0.2 | F26: =+ROUND(B26*E26,2) -> 492499.49
A27: TOTAL | B27: =SUM(B26:B26) -> 2462497.4 | C27: =SUM(C26:C26) -> 0.2 | D27: =SUM(D26:D26) -> 492499.49 | E27: =SUM(E26:E26) -> 0.2 | F27: =SUM(F26:F26) -> 492499.49
D28: =+ROUND(D27/1.21,2) -> 407024.37 | F28: =+ROUND(F27/1.21,2) -> 407024.37
D29: IVA EXCLÒS | F29: IVA EXCLÒS
A30: VEC
B32: VE prestació | C32: VE eventuals pròrrogues | D32: VE modificacions contracte amb increment de cost previstes | E32: VE modificacions contracte amb disminució de cost previstes | F32: SUMA
A33: 2020 | B33: =+B16 -> 109117.2 | D33: =ROUND(G33/$G$39*$D$28,2) -> 12762.02 | E33: =ROUND(-G33/$G$39*$F$28,2) -> -12762.02 | F33: =SUM(B33:D33) -> 121879.22 | G33: =+B33+C33 -> 109117.2
A34: 2021 | B34: =+B17 -> 722499.17 | D34: =ROUND(G34/$G$39*$D$28,2) -> 84501.33 | E34: =ROUND(-G34/$G$39*$F$28,2) -> -84501.33 | F34: =SUM(B34:D34) -> 807000.5 | G34: =+B34+C34 -> 722499.17
A35: 2022 | B35: =+B18 -> 722499.17 | D35: =ROUND(G35/$G$39*$D$28,2) -> 84501.33 | E35: =ROUND(-G35/$G$39*$F$28,2) -> -84501.33 | F35: =SUM(B35:D35) -> 807000.5 | G35: =+B35+C35 -> 722499.17
A36: 2023 | B36: =+B19 -> 481006.3 | C36: =+B35-B36 -> 241492.87 | D36: =ROUND(G36/$G$39*$D$28,2) -> 84501.33 | E36: =ROUND(-G36/$G$39*$F$28,2) -> -84501.33 | F36: =SUM(B36:D36) -> 807000.5 | G36: =+B36+C36 -> 722499.17
A37: 2024 | C37: =+B35 -> 722499.17 | D37: =ROUND(G37/$G$39*$D$28,2) -> 84501.33 | E37: =ROUND(-G37/$G$39*$F$28,2) -> -84501.33 | F37: =SUM(B37:D37) -> 807000.5 | G37: =+B37+C37 -> 722499.17
A38: 2025 | C38: =+B36 -> 481006.3 | D38: =ROUND(G38/$G$39*$D$28,2)-0.02 -> 56257.03 | E38: =ROUND(-G38/$G$39*$F$28,2)+0.02 -> -56257.03 | F38: =SUM(B38:D38) -> 537263.33 | G38: =+B38+C38 -> 481006.3
A39: Total | B39: =SUM(B33:B38) -> 2035121.8 | C39: =SUM(C33:C38) -> 1444998.3 | D39: =SUM(D33:D38) -> 407024.37 | E39: =SUM(E33:E38) -> -407024.37 | F39: =SUM(B39:D39) -> 3887144.5 | G39: =SUM(G33:G38) -> 3480120.2
A44: VEC | B44: Marges possibles solvènvia
A45: =+F39 -> 3887144.5 | B45: Solvència económica | D45: Solvència tècnica
A46: Anys de contracte | B46: ACONSELLABLE | C46: MÀXIM | D46: MÍNIM | E46: MÀXIM
A47: 3 | B47: =+C47/A47 -> 1943572.3 | C47: =1.5*A45 -> 5830716.8 | D47: =ROUND(A45*2/3/A47,2) -> 863809.9 | E47: =+C47 -> 5830716.8
B48: 1,5 x VEC / anys de contracte | C48: 1,5 x VEC | D48: 2/3 VEC / anys de contracte | E48: 1,5 x VEC

Sheet Costos Indirectes
A2: CÀLCUL COSTOS DIRECTES I INDIRECTES PEL PROJECTE
C4: Preu IVA exclòs | D4: Benefici Industrial (20%) | E4: Cost Total | F4: Cost Indirecte (8%) | G4: Suma costos Indirectes | H4: Cost personal | I4: Seguretat Social (34%) | J4: Salari Brut | K4: Suma costos directes
C5: ='Taules IJ'!B20 -> 2035121.8 | D5: =ROUND(C5*0.2, 2) -> 407024.37 | E5: =ROUND(C5-D5, 2) -> 1628097.5 | F5: =ROUND(E5*0.08, 2) -> 130247.8 | G5: =ROUND(D5+F5, 2) -> 537272.17 | H5: =ROUND(E5-F5, 2) -> 1497849.7 | I5: =ROUND(H5*(0.34/1.34), 2) -> 380051.41 | J5: =ROUND(H5-I5, 2) -> 1117798.3 | K5: =+H5 -> 1497849.7
C7: Costos directes:
C8: Costos salarials - Salari Brut | D8: =J5 -> 1117798.3
C9: Costos salarials - Seguretat Social (34%) | D9: =I5 -> 380051.41
C10: TOTAL (Suma costos directes) | D10: =+K5 -> 1497849.7
C12: Costos indirectes:
C13: Despeses generals d’estructura | D13: =F5 -> 130247.8
C14: Benefici industrial | D14: =D5 -> 407024.37
C15: TOTAL (Suma costos indirectes) | D15: =G5 -> 537272.17
K16: Solvència económica | L16: Solvència tècnica
C17: TOTAL DE COSTOS (directes + indirectes): | D17: =D10+D15 -> 2035121.8 | K17: =ROUND(D17/14*12*60%, 2) -> 1046634.1 | L17: =ROUND(K17*75%,2) -> 784975.57

Sheet Volumetries
A1: AM_SAP RRHH - VOLUMETRIES
A2: Data inici contracte | B2: 44075
A3: Data inici servei | B3: 44151
A4: Data fi del contracte | B4: 45169
A6: Codi Servei | B6: Nom Servei | C6: Codi Aplicació | D6: Nom Aplicació | E6: IT Manteniment correctiu | F6: PT Manteniment recurrent | G6: TT Oficina Tècnica | H6: Data inici transició | I6: Data inici servei
A7: SER0049 | B7: Nòmina SAP | C7: APP0455 | D7: PY- Calcul nomina SAP-HCM | E7: 800 | F7: 2500 | G7: 300 | H7: =+$B$2 -> 44075 | I7: =+$B$3 -> 44151
A8: SER0052 | B8: Portal Empleat | C8: APP0530 | D8: ESS- Serveis portals SAP-HCM | E8: 300 | F8: 500 | G8: 200 | H8: =+$B$2 -> 44075 | I8: =+$B$3 -> 44151
A9: SER0509 | B9: Selecció de personal | C9: APP0753 | D9: SE-Processos de selecció a SAP-HCM | E9: 600 | F9: 2000 | G9: 200 | H9: =+$B$2 -> 44075 | I9: =+$B$3 -> 44151
A10: SER0054 | B10: Organització i Administració de Personal | C10: APP0019 | D10: PA- Administració personal SAP-HCM | E10: 300 | F10: 500 | G10: 100 | H10: =+$B$2 -> 44075 | I10: =+$B$3 -> 44151
A11: SER0054 | B11: Organització i Administració de Personal | C11: APP0313 | D11: SAP-HCM-PT Gestió de temps | E11: 400 | F11: 2500 | G11: 200 | H11: =+$B$2 -> 44075 | I11: =+$B$3 -> 44151
A12: SER0054 | B12: Organització i Administració de Personal | C12: APP0322 | D12: SAP-HCM-OM Gestió organigrama | E12: 200 | F12: 500 | G12: 100 | H12: =+$B$2 -> 44075 | I12: =+$B$3 -> 44151
A13: SER0055 | B13: Desenvolupament de personal | C13: APP0277 | D13: LS- Gestió formació SAP-HCM | E13: 100 | F13: 500 | G13: 100 | H13: =+$B$2 -> 44075 | I13: =+$B$3 -> 44151
A14: SER0159 | B14: Gestió d'Expedients de Personal | C14: APP0266 | D14: SAP-HCM-RMS Expedients electrònics | E14: 100 | F14: 400 | G14: 100 | H14: =+$B$2 -> 44075 | I14: =+$B$3 -> 44151
A15: SER0296 | B15: Gestió pressupost SAP | C15: APP0323 | D15: SAP-HCM-FM Gestió pressupostaria | E15: 100 | F15: 400 | G15: 100 | H15: =+$B$2 -> 44075 | I15: =+$B$3 -> 44151
A16: SER0297 | B16: Nòmines SIP | C16: APP0456 | D16: SIPM. Nomina SIP | E16: 200 | F16: 0 | G16: 0
A17: Total | E17: 3100 | F17: 9800 | G17: 1400
D18: FTE | E18: =(E17/11/8)/20 -> 1.7613636 | F18: =(F17/11/8)/20 -> 5.5681818 | G18: =(G17/11/8)/20 -> 0.79545455

Sheet Taula LOT-SERV-APP
A1: Contracte | B1: Servei | C1: Aplicació | D1: Lot X | E1: 2 lots!!
A2: G0389 | B2: SER0044 | C2: APP0860-SAP Subvencions | D2: 2
A3: G0389 | B3: SER0044 | C3: APP0861-SAP Convenis | D3: 2
A4: G0389 | B4: SER0044 | C4: APP0943-Expedient bustia etica | D4: 2
A5: G0389 | B5: SER0412 | C5: APP0867-Recepció factura electrònica | D5: 2
A6: G0389 | B6: SER0412 | C6: APP0864-Emissio factura electrònica | D6: 2
A7: G0389 | B7: SER0411 | C7: APP0866-FENS | D7: 2
A8: G0389 | B8: SER0474 | C8: APP0896-Gestió de bestretes | D8: 2
A9: G0389 | B9: SER0473 | C9: APP0895-Expedients economics(core) | D9: 2
A10: G0389 | B10: SER0038 | C10: APP0150-Compres | D10: 2
A11: G0389 | B11: SER0474 | C11: APP0898-Autorització de viatges | D11: 2
A13: G0389 | B13: SER0031 | C13: APP0176-COPERNICO | D13: 1
A14: G0389 | B14: SER0031 | C14: APP0719-Digitalització actes del plenari | D14: 1
... A34: G0074 | B34: SER0150 | C34: APP0071-Autorització comissió de servei | D34: 1
A36: Quden fora d'abast:
A37: GR | B37: SER0028 | C37: APP0360-Inmagic | D37: No | E37: Producte
A38: GR | B38: SER0028 | C38: APP0859-Unicorn-hyperion | D38: No
A39: GR | B39: SER0028 | C39: APP0868-Albala | D39: No
A40: GR | B40: SER0044 | C40: APP0262-eSubvencions | D40: No | E40: Contrato a parte
A41: GR | B41: Governança de serveis i projectes | D41: No
A42: GR | B42: Governança de gestió d'actius | D42: No
A43: GR | B43: Bustia etica | D43: No
A45: G0026 | B45: SER0028 | C45: APP0858-BCNROC | D45: No | E45: Producte
A46: G0024 | B46: SER0204 | C46: APP0862-Gestió Actius | D46: No
A47: G0004 | B47: SER0032 | C47: APP0373-INFOLEX | D47: No | E47: Producte
A48: G0004 | B48: SER0032 | C48: APP0865-Infolex de consulta | D48: No | E48: Producte
A49: G0018 | B49: SER0046 | C49: APP0169-Consums energetics | D49: No
A50: G0018 | B50: SER0047 | C50: APP0421-Manteniment Edificis | D50: No
A51: ? | C51: BKM | D51: No | E51: Producte
A52: Mediacloud | B52: SER0031 | C52: APP0478-Organismes Municipals | D52: No

Sheet Taula Estimació de dades
A1: LOT 2
A2: Contracte | B2: Servei | C2: Aplicació | D2: h Manteniment correctiu | E2: Preu/hora | F2: € Manteniment correctiu | G2: h Manteniment recurrent | H2: Preu/hora | I2: € Manteniment recurrent | J2: h OT | K2: Preu/hora | L2: € OT | M2: DATA INICI NOUS SERVEIS
A3: G0389 | B3: SER0044 | C3: APP0860-SAP Subvencions | D3: 75.29 | E3: 53.57 | F3: =D3*E3 -> 4033.2853 | G3: 570 | H3: 53.57 | I3: =G3*H3 -> 30534.9 | J3: 96.7935 | K3: 57.5 | L3: =J3*K3 -> 5565.6263
A4: G0389 | B4: SER0044 | C4: APP0861-SAP Convenis | D4: 288.60029 | E4: 53.57 | F4: =D4*E4 -> 15460.317 | G4: 577.20058 | H4: 53.57 | I4: =G4*H4 -> 30920.635 | J4: 129.87013 | K4: 57.5 | L4: =J4*K4 -> 7467.5325
A5: G0389 | B5: SER0044 | C5: APP0943-Expedient bustia etica | D5: 29.106349 | E5: 53.57 | F5: =D5*E5 -> 1559.2271 | G5: 89.798846 | H5: 53.57 | I5: =G5*H5 -> 4810.5242 | J5: 17.835779 | K5: 57.5 | L5: =J5*K5 -> 1025.5573
A6: G0389 | B6: SER0412 | C6: APP0867-Recepció factura electrònica | D6: 200 | E6: 53.57 | F6: =D6*E6 -> 10714 | G6: 220 | H6: 53.57 | I6: =G6*H6 -> 11785.4 | J6: 63 | K6: 57.5 | L6: =J6*K6 -> 3622.5
A7: G0389 | B7: SER0412 | C7: APP0864-Emissio factura electrònica | D7: 36.492063 | E7: 53.57 | F7: =D7*E7 -> 1954.8798 | G7: 72.984127 | H7: 53.57 | I7: =G7*H7 -> 3909.7597 | J7: 16.421429 | K7: 57.5 | L7: =J7*K7 -> 944.23214
A8: G0389 | B8: SER0411 | C8: APP0866-FENS | D8: 20 | E8: 53.57 | F8: =D8*E8 -> 1071.4 | G8: 85 | H8: 53.57 | I8: =G8*H8 -> 4553.45 | J8: 15.75 | K8: 57.5 | L8: =J8*K8 -> 905.625
A9: G0389 | B9: SER0474 | C9: APP0896-Gestió de bestretes | D9: 103.671 | E9: 53.57 | F9: =D9*E9 -> 5553.6552 | G9: 434.23719 | H9: 53.57 | I9: =G9*H9 -> 23262.086 | J9: 80.686227 | K9: 57.5 | L9: =J9*K9 -> 4639.4581
A10: G0389 | B10: SER0473 | C10: APP0895-Expedients economics(core) | D10: 0 | E10: 53.57 | F10: =D10*E10 -> 0 | G10: 202.4 | H10: 53.57 | I10: =G10*H10 -> 10842.568 | J10: 30.36 | K10: 57.5 | L10: =J10*K10 -> 1745.7
A11: G0389 | B11: SER0038 | C11: APP0150-Compres | D11: 0 | E11: 53.57 | F11: =D11*E11 -> 0 | G11: 159.03 | H11: 53.57 | I11: =G11*H11 -> 8519.2371 | J11: 23.8545 | K11: 57.5 | L11: =J11*K11 -> 1371.6337 | N11: Varia de molt poc
A12: G0389 | B12: SER0474 | C12: APP0898-Autorització de viatges | D12: 0 | E12: 53.57 | F12: =D12*E12 -> 0 | G12: 0 | H12: 53.57 | I12: =G12*H12 -> 0 | J12: 0 | K12: 57.5 | L12: =J12*K12 -> 0
A13: GR | B13: SER0044 | C13: APP0262-eSubvencions | D13: 288.60029 | E13: 53.57 | F13: =D13*E13 -> 15460.317 | G13: 649.35065 | H13: 53.57 | I13: =G13*H13 -> 34785.714 | J13: 140.69264 | K13: 57.5 | L13: =J13*K13 -> 8089.8268 | M13: 43466
D14: =SUM(D3:D13) -> 1041.76 | F14: =SUM(F3:F13) -> 55807.082 | G14: =SUM(G3:G13) -> 3060.0014 | I14: =SUM(I3:I13) -> 163924.27 | J14: =SUM(J3:J13) -> 615.26421 | L14: =SUM(L3:L13) -> 35377.692
A16: A partir de 16/05/2018
A17: Contracte | B17: Servei | C17: Aplicació | D17: h Manteniment correctiu | E17: h A partir 16/05/2018 | F17: Preu/hora | G17: € Manteniment correctiu | H17: h Manteniment recurrent | I17: h A partir 16/05/2018 | J17: Preu/hora | K17: € Manteniment recurrent | L17: h OT | M17: h A partir 16/05/2018 | N17: Preu/hora | O17: € OT | P17: DATA INICI NOUS SERVEIS
A18: G0389 | B18: SER0044 | C18: APP0860-SAP Subvencions | D18: 75.29 | E18: =D18/365*197.5 -> 40.73911 | F18: 53.57 | G18: =E18*F18 -> 2182.3941 | H18: 570 | I18: =H18/365*197.5 -> 308.42466 | J18: 53.57 | K18: =I18*J18 -> 16522.309 | L18: 96.7935 | M18: =L18/365*197.5 -> 52.374565 | N18: 57.5 | O18: =M18*N18 -> 3011.5375
A19: G0389 | B19: SER0044 | C19: APP0861-SAP Convenis | D19: 288.60029 | E19: =D19/365*197.5 -> 156.16043 | F19: 53.57 | G19: =E19*F19 -> 8365.5142 | H19: 577.20058 | I19: =H19/365*197.5 -> 312.32086 | J19: 53.57 | K19: =I19*J19 -> 16731.028 | L19: 129.87013 | M19: =L19/365*197.5 -> 70.272194 | N19: 57.5 | O19: =M19*N19 -> 4040.6511
A20: G0389 | B20: SER0044 | C20: APP0943-Expedient bustia etica | D20: 29.106349 | E20: =D20/365*197.5 -> 15.749326 | F20: 53.57 | G20: =E20*F20 -> 843.69139 | H20: 89.798846 | I20: =H20/365*197.5 -> 48.589786 | J20: 53.57 | K20: =I20*J20 -> 2602.9549 | L20: 17.835779 | M20: =L20/365*197.5 -> 9.6508668 | N20: 57.5 | O20: =M20*N20 -> 554.92484
A21: G0389 | B21: SER0412 | C21: APP0867-Recepció factura electrònica | D21: 200 | E21: =D21/365*197.5 -> 108.21918 | F21: 53.57 | G21: =E21*F21 -> 5797.3014 | H21: 220 | I21: =H21/365*197.5 -> 119.0411 | J21: 53.57 | K21: =I21*J21 -> 6377.0315 | L21: 63 | M21: =L21/365*197.5 -> 34.089041 | N21: 57.5 | O21: =M21*N21 -> 1960.1199
A22: G0389 | B22: SER0412 | C22: APP0864-Emissio factura electrònica | D22: 36.492063 | E22: =D22/365*197.5 -> 19.745706 | F22: 53.57 | G22: =E22*F22 -> 1057.7774 | H22: 72.984127 | I22: =H22/365*197.5 -> 39.491411 | J22: 53.57 | K22: =I22*J22 -> 2115.5549 | L22: 16.421429 | M22: =L22/365*197.5 -> 8.8855675 | N22: 57.5 | O22: =M22*N22 -> 510.92013
A23: G0389 | B23: SER0411 | C23: APP0866-FENS | D23: 20 | E23: =D23/365*197.5 -> 10.821918 | F23: 53.57 | G23: =E23*F23 -> 579.73014 | H23: 85 | I23: =H23/365*197.5 -> 45.993151 | J23: 53.57 | K23: =I23*J23 -> 2463.8531 | L23: 15.75 | M23: =L23/365*197.5 -> 8.5222603 | N23: 57.5 | O23: =M23*N23 -> 490.02997
A24: G0389 | B24: SER0474 | C24: APP0896-Gestió de bestretes | D24: 103.671 | E24: =D24/365*197.5 -> 56.09595 | F24: 53.57 | G24: =E24*F24 -> 3005.06 | H24: 434.23719 | I24: =H24/365*197.5 -> 234.96396 | J24: 53.57 | K24: =I24*J24 -> 12587.019 | L24: 80.686227 | M24: =L24/365*197.5 -> 43.658986 | N24: 57.5 | O24: =M24*N24 -> 2510.3917
A25: G0389 | B25: SER0473 | C25: APP0895-Expedients economics(core) | D25: 0 | E25: =D25/365*197.5 -> 0 | F25: 53.57 | G25: =E25*F25 -> 0 | H25: 202.4 | I25: =H25/365*197.5 -> 109.51781 | J25: 53.57 | K25: =I25*J25 -> 5866.869 | L25: 30.36 | M25: =L25/365*197.5 -> 16.427671 | N25: 57.5 | O25: =M25*N25 -> 944.5911
A26: G0389 | B26: SER0038 | C26: APP0150-Compres | D26: 0 | E26: =D26/365*197.5 -> 0 | F26: 53.57 | G26: =E26*F26 -> 0 | H26: 159.03 | I26: =H26/365*197.5 -> 86.050479 | J26: 53.57 | K26: =I26*J26 -> 4609.7242 | L26: 23.8545 | M26: =L26/365*197.5 -> 12.907572 | N26: 57.5 | O26: =M26*N26 -> 742.18539 | Q26: Varia de molt poc
A27: G0389 | B27: SER0474 | C27: APP0898-Autorització de viatges | D27: 0 | E27: =D27/365*197.5 -> 0 | F27: 53.57 | G27: =E27*F27 -> 0 | H27: 0 | I27: =H27/365*197.5 -> 0 | J27: 53.57 | K27: =I27*J27 -> 0 | L27: 0 | M27: =L27/365*197.5 -> 0 | N27: 57.5 | O27: =M27*N27 -> 0
A28: GR | B28: SER0044 | C28: APP0262-eSubvencions | D28: 288.60029 | E28: =D28/365*197.5 -> 156.16043 | F28: 53.57 | G28: =E28*F28 -> 8365.5142 | H28: 649.35065 | I28: =H28/365*197.5 -> 351.36097 | J28: 53.57 | K28: =I28*J28 -> 18822.407 | L28: 140.69264 | M28: =L28/365*197.5 -> 76.12821 | N28: 57.5 | O28: =M28*N28 -> 4377.3721 | P28: 43466
E29: =SUM(E18:E28) -> 563.69205 | G29: =SUM(G18:G28) -> 30196.983 | I29: =SUM(I18:I28) -> 1655.7542 | K29: =SUM(K18:K28) -> 88698.751 | M29: =SUM(M18:M28) -> 332.91693 | O29: =SUM(O18:O28) -> 19142.724
A30: GERÈNCIA DE RECURSOS (GR) LOT2 SAP | B30: Glòria Santamaria | C30: 321139.87 | D30: =+C30*3 -> 963419.62 | G30: =+D30/36*M30*0.25 -> 13380.828 | H30: 0 | J30: =+D30+G30+H30 -> 976800.45 | K30: S | M30: 2 | N30: 43101 | O30: 43236 | P30: 43236 | Q30: 43297
F32: CORR-RECU-OT | G32: TRANS
E33: 2018 | F33: =G29+K29+O29 -> 138038.46 | G33: =G30 -> 13380.828
E34: 2019 | F34: =F14+I14+L14 -> 255109.05
E35: 2020 | F35: =F14+I14+L14 -> 255109.05
E36: 2021 | F36: =F14+I14+L14 -> 255109.05
F37: =SUM(F33:F36) -> 903365.6 | G37: =SUM(G33:G36) -> 13380.828 | H37: =F37+G37 -> 916746.43
A39: LOT 1
A40: Contracte | B40: Servei | C40: Aplicació | D40: h Manteniment correctiu | E40: Preu/hora | F40: € Manteniment correctiu | G40: h Manteniment recurrent | H40: Preu/hora | I40: € Manteniment recurrent | J40: h OT | K40: Preu/hora | L40: € OT | M40: DATA INICI NOUS SERVEIS
A41: G0389 | B41: SER0031 | C41: APP0176-COPERNICO | D41: 209.25492 | E41: 46.59 | F41: =D41*E41 -> 9749.1868 | G41: 982.79691 | H41: 49.95 | I41: =G41*H41 -> 49090.706 | J41: 178.80777 | K41: 57.5 | L41: =J41*K41 -> 10281.447
A42: G0389 | B42: SER0031 | C42: APP0719-Digitalització actes del plenari | D42: 72.916667 | E42: 46.59 | F42: =D42*E42 -> 3397.1875 | G42: 853.57417 | H42: 49.95 | I42: =G42*H42 -> 42636.03 | J42: 138.97362 | K42: 57.5 | L42: =J42*K42 -> 7990.9834
A43: G0389 | B43: SER0031 | C43: APP0295-GASETA | D43: 161.31323 | E43: 46.59 | F43: =D43*E43 -> 7515.5835 | G43: 739.83205 | H43: 49.95 | I43: =G43*H43 -> 36954.611 | J43: 135.17179 | K43: 57.5 | L43: =J43*K43 -> 7772.378
A44: G0389 | B44: SER0153 | C44: APP0668-Tauler d'Edictes | D44: 43.75 | E44: 46.59 | F44: =D44*E44 -> 2038.3125 | G44: 688.42667 | H44: 49.95 | I44: =G44*H44 -> 34386.912 | J44: 109.8265 | K44: 57.5 | L44: =J44*K44 -> 6315.0237
A45: G0080 | B45: SER0031 | C45: APP0233-eDecrets | D45: 63.135559 | E45: 46.59 | F45: =D45*E45 -> 2941.4857 | G45: 174.43309 | H45: 49.95 | I45: =G45*H45 -> 8712.933 | J45: 35.635298 | K45: 57.5 | L45: =J45*K45 -> 2049.0296
A46: G0080 | B46: SER0031 | C46: APP0942-eDecretIns | D46: 63.135559 | E46: 46.59 | F46: =D46*E46 -> 2941.4857 | G46: 174.43309 | H46: 49.95 | I46: =G46*H46 -> 8712.933 | J46: 35.635298 | K46: 57.5 | L46: =J46*K46 -> 2049.0296
A47: G0079 | B47: SER0031 | C47: APP0340-GPD | D47: 201.75654 | E47: 46.59 | F47: =D47*E47 -> 9399.8373 | G47: 498.38026 | H47: 49.95 | I47: =G47*H47 -> 24894.094 | J47: 105.02052 | K47: 57.5 | L47: =J47*K47 -> 6038.6799
A48: H0094 | B48: SER0031 | C48: Nou registre d'interessos | D48: 199.35211 | E48: 46.59 | F48: =D48*E48 -> 9287.8146 | G48: 375.47097 | H48: 49.95 | I48: =G48*H48 -> 18754.775 | J48: 86.223461 | K48: 57.5 | L48: =J48*K48 -> 4957.849
A49: G0519 | B49: SER0414 | C49: Nou sistema d'alcaldia | D49: 996.76053 | E49: 46.59 | F49: =D49*E49 -> 46439.073 | G49: 1993.5211 | H49: 49.95 | I49: =G49*H49 -> 99576.377 | J49: 448.54224 | K49: 57.5 | L49: =J49*K49 -> 25791.179 | M49: 43405
A50: Projecte nou | C50: Nou expedient de bustia etica | D50: 249.19013 | E50: 46.59 | F50: =D50*E50 -> 11609.768 | G50: 747.5704 | H50: 49.95 | I50: =G50*H50 -> 37341.141 | J50: 149.51408 | K50: 57.5 | L50: =J50*K50 -> 8597.0596 | M50: 43252
A51: Projecte nou | C51: Nou organismes municipals | D51: 124.59507 | E51: 46.59 | F51: =D51*E51 -> 5804.8841 | G51: 498.38026 | H51: 49.95 | I51: =G51*H51 -> 24894.094 | J51: 93.4463 | K51: 57.5 | L51: =J51*K51 -> 5373.1622 | M51: 43252
A52: Projecte nou | C52: Nou GRA | D52: 124.59507 | E52: 46.59 | F52: =D52*E52 -> 5804.8841 | G52: 498.38026 | H52: 49.95 | I52: =G52*H52 -> 24894.094 | J52: 93.4463 | K52: 57.5 | L52: =J52*K52 -> 5373.1622 | M52: 43252
A54: G0080 | B54: SER0031 | C54: APP0591-RIS Unions civils | D54: 10.601545 | E54: 46.59 | F54: =D54*E54 -> 493.92598 | G54: 0 | H54: 49.95 | I54: =G54*H54 -> 0 | J54: 1.5902317 | K54: 57.5 | L54: =J54*K54 -> 91.438325
A55: G0080 | B55: SER0027 | C55: APP0571-RecGUB | D55: 85.016197 | E55: 46.59 | F55: =D55*E55 -> 3960.9046 | G55: 0 | H55: 49.95 | I55: =G55*H55 -> 0 | J55: 12.75243 | K55: 57.5 | L55: =J55*K55 -> 733.2647
A56: G0074 | B56: SER0027 | C56: APP0579-RIS centralitzat | D56: 28.842263 | E56: 46.59 | F56: =D56*E56 -> 1343.761 | G56: 0 | H56: 49.95 | I56: =G56*H56 -> 0 | J56: 4.3263394 | K56: 57.5 | L56: =J56*K56 -> 248.76452
A57: G0080 | B57: SER0032 | C57: APP0341-GRA | D57: 0 | E57: 46.59 | F57: =D57*E57 -> 0 | G57: 0 | H57: 49.95 | I57: =G57*H57 -> 0 | J57: 0 | K57: 57.5 | L57: =J57*K57 -> 0
A58: G0080 | B58: SER0413 | C58: APP0702-VIPS | D58: 0 | E58: 46.59 | F58: =D58*E58 -> 0 | G58: 121.44256 | H58: 49.95 | I58: =G58*H58 -> 6066.056 | J58: 18.216384 | K58: 57.5 | L58: =J58*K58 -> 1047.4421
A59: G0080 | B59: SER0413 | C59: APP0900 - ORGA | D59: 0 | E59: 46.59 | F59: =D59*E59 -> 0 | G59: 0 | H59: 49.95 | I59: =G59*H59 -> 0 | J59: 0 | K59: 57.5 | L59: =J59*K59 -> 0
A60: G0080 | B60: SER0413 | C60: APP0899 SIAP | D60: 0 | E60: 46.59 | F60: =D60*E60 -> 0 | G60: 0 | H60: 49.95 | I60: =G60*H60 -> 0 | J60: 0 | K60: 57.5 | L60: =J60*K60 -> 0
A61: G0080 | B61: SER0413 | C61: APP0896 VERDI | D61: 0 | E61: 46.59 | F61: =D61*E61 -> 0 | G61: 0 | H61: 49.95 | I61: =G61*H61 -> 0 | J61: 0 | K61: 57.5 | L61: =J61*K61 -> 0
A62: G0080 | B62: SER0414 | C62: APP0592-RISPLUS | D62: 654.49265 | E62: 46.59 | F62: =D62*E62 -> 30492.813 | G62: 747.5704 | H62: 49.95 | I62: =G62*H62 -> 37341.141 | J62: 210.30946 | K62: 57.5 | L62: =J62*K62 -> 12092.794
A63: G0074 | B63: SER0414 | C63: APP0294-GALIOT consulta històric | D63: 25.73237 | E63: 46.59 | F63: =D63*E63 -> 1198.8711 | G63: 0 | H63: 49.95 | I63: =G63*H63 -> 0 | J63: 3.8598555 | K63: 57.5 | L63: =J63*K63 -> 221.94169
D64: =SUM(D41:D63) -> 3314.4404 | F64: =SUM(F41:F63) -> 154419.78 | G64: =SUM(G41:G63) -> 9094.2121 | I64: =SUM(I41:I63) -> 454255.9 | J64: =SUM(J41:J63) -> 1861.2979 | L64: =SUM(L41:L63) -> 107024.63
A66: A partir de 16/05/2018
A67: Contracte | B67: Servei | C67: Aplicació | D67: h Manteniment correctiu | E67: h A partir 16/05/2018 | F67: Preu/hora | G67: € Manteniment correctiu | H67: h Manteniment recurrent | I67: h A partir 16/05/2018 | J67: Preu/hora | K67: € Manteniment recurrent | L67: h OT | M67: h A partir 16/05/2018 | N67: Preu/hora | O67: € OT | P67: DATA INICI NOUS SERVEIS
A68: G0389 | B68: SER0031 | C68: APP0176-COPERNICO | D68: 209.25492 | E68: =D68/365*197.5 -> 113.22698 | F68: 46.59 | G68: =E68*F68 -> 5275.2449 | H68: 982.79691 | I68: =H68/365*197.5 -> 531.78737 | J68: 49.95 | K68: =I68*J68 -> 26562.779 | L68: 178.80777 | M68: =L68/365*197.5 -> 96.752152 | N68: 57.5 | O68: =M68*N68 -> 5563.2487
A69: G0389 | B69: SER0031 | C69: APP0719-Digitalització actes del plenari | D69: 72.916667 | E69: =D69/365*197.5 -> 39.454909 | F69: 46.59 | G69: =E69*F69 -> 1838.2042 | H69: 853.57417 | I69: =H69/365*197.5 -> 461.86547 | J69: 49.95 | K69: =I69*J69 -> 23070.18 | L69: 138.97362 | M69: =L69/365*197.5 -> 75.198057 | N69: 57.5 | O69: =M69*N69 -> 4323.8883
A70: G0389 | B70: SER0031 | C70: APP0295-GASETA | D70: 161.31323 | E70: =D70/365*197.5 -> 87.285927 | F70: 46.59 | G70: =E70*F70 -> 4066.6513 | H70: 739.83205 | I70: =H70/365*197.5 -> 400.32008 | J70: 49.95 | K70: =I70*J70 -> 19995.988 | L70: 135.17179 | M70: =L70/365*197.5 -> 73.140901 | N70: 57.5 | O70: =M70*N70 -> 4205.6018
A71: G0389 | B71: SER0153 | C71: APP0668-Tauler d'Edictes | D71: 43.75 | E71: =D71/365*197.5 -> 23.672945 | F71: 46.59 | G71: =E71*F71 -> 1102.9225 | H71: 688.42667 | I71: =H71/365*197.5 -> 372.50484 | J71: 49.95 | K71: =I71*J71 -> 18606.617 | L71: 109.8265 | M71: =L71/365*197.5 -> 59.426668 | N71: 57.5 | O71: =M71*N71 -> 3417.0334
A72: G0080 | B72: SER0031 | C72: APP0233-eDecrets | D72: 63.135559 | E72: =D72/365*197.5 -> 34.162392 | F72: 46.59 | G72: =E72*F72 -> 1591.6258 | H72: 174.43309 | I72: =H72/365*197.5 -> 94.385029 | J72: 49.95 | K72: =I72*J72 -> 4714.5322 | L72: 35.635298 | M72: =L72/365*197.5 -> 19.282113 | N72: 57.5 | O72: =M72*N72 -> 1108.7215
A73: G0080 | B73: SER0031 | C73: APP0942-eDecretIns | D73: 63.135559 | E73: =D73/365*197.5 -> 34.162392 | F73: 46.59 | G73: =E73*F73 -> 1591.6258 | H73: 174.43309 | I73: =H73/365*197.5 -> 94.385029 | J73: 49.95 | K73: =I73*J73 -> 4714.5322 | L73: 35.635298 | M73: =L73/365*197.5 -> 19.282113 | N73: 57.5 | O73: =M73*N73 -> 1108.7215
A74: G0079 | B74: SER0031 | C74: APP0340-GPD | D74: 201.75654 | E74: =D74/365*197.5 -> 109.16964 | F74: 46.59 | G74: =E74*F74 -> 5086.2133 | H74: 498.38026 | I74: =H74/365*197.5 -> 269.67151 | J74: 49.95 | K74: =I74*J74 -> 13470.092 | L74: 105.02052 | M74: =L74/365*197.5 -> 56.826172 | N74: 57.5 | O74: =M74*N74 -> 3267.5049
A75: H0094 | B75: SER0031 | C75: Nou registre d'interessos | D75: 199.35211 | E75: =D75/365*197.5 -> 107.86861 | F75: 46.59 | G75: =E75*F75 -> 5025.5983 | H75: 375.47097 | I75: =H75/365*197.5 -> 203.1658 | J75: 49.95 | K75: =I75*J75 -> 10148.132 | L75: 86.223461 | M75: =L75/365*197.5 -> 46.655161 | N75: 57.5 | O75: =M75*N75 -> 2682.6717
A76: G0519 | B76: SER0414 | C76: Nou sistema d'alcaldia | D76: 996.76053 | E76: =D76/365*197.5 -> 539.34303 | F76: 46.59 | G76: =E76*F76 -> 25127.992 | H76: 1993.5211 | I76: =H76/365*197.5 -> 1078.6861 | J76: 49.95 | K76: =I76*J76 -> 53880.368 | L76: 448.54224 | M76: =L76/365*197.5 -> 242.70436 | N76: 57.5 | O76: =M76*N76 -> 13955.501 | P76: 43405
A77: Projecte nou | C77: Nou expedient de bustia etica | D77: 249.19013 | E77: =D77/365*197.5 -> 134.83576 | F77: 46.59 | G77: =E77*F77 -> 6281.9979 | H77: 747.5704 | I77: =H77/365*197.5 -> 404.50727 | J77: 49.95 | K77: =I77*J77 -> 20205.138 | L77: 149.51408 | M77: =L77/365*197.5 -> 80.901454 | N77: 57.5 | O77: =M77*N77 -> 4651.8336 | P77: 43252
A78: Projecte nou | C78: Nou organismes municipals | D78: 124.59507 | E78: =D78/365*197.5 -> 67.417878 | F78: 46.59 | G78: =E78*F78 -> 3140.9989 | H78: 498.38026 | I78: =H78/365*197.5 -> 269.67151 | J78: 49.95 | K78: =I78*J78 -> 13470.092 | L78: 93.4463 | M78: =L78/365*197.5 -> 50.563409 | N78: 57.5 | O78: =M78*N78 -> 2907.396 | P78: 43252
A79: Projecte nou | C79: Nou GRA | D79: 124.59507 | E79: =D79/365*197.5 -> 67.417878 | F79: 46.59 | G79: =E79*F79 -> 3140.9989 | H79: 498.38026 | I79: =H79/365*197.5 -> 269.67151 | J79: 49.95 | K79: =I79*J79 -> 13470.092 | L79: 93.4463 | M79: =L79/365*197.5 -> 50.563409 | N79: 57.5 | O79: =M79*N79 -> 2907.396 | P79: 43252
A81: G0080 | B81: SER0031 | C81: APP0591-RIS Unions civils | D81: 10.601545 | E81: =D81/365*197.5 -> 5.7364524 | F81: 46.59 | G81: =E81*F81 -> 267.26132 | H81: 0 | I81: =H81/365*197.5 -> 0 | J81: 49.95 | K81: =I81*J81 -> 0 | L81: 1.5902317 | M81: =L81/365*197.5 -> 0.86046786 | N81: 57.5 | O81: =M81*N81 -> 49.476902
A82: G0080 | B82: SER0027 | C82: APP0571-RecGUB | D82: 85.016197 | E82: =D82/365*197.5 -> 46.001915 | F82: 46.59 | G82: =E82*F82 -> 2143.2292 | H82: 0 | I82: =H82/365*197.5 -> 0 | J82: 49.95 | K82: =I82*J82 -> 0 | L82: 12.75243 | M82: =L82/365*197.5 -> 6.9002873 | N82: 57.5 | O82: =M82*N82 -> 396.76652
A83: G0074 | B83: SER0027 | C83: APP0579-RIS centralitzat | D83: 28.842263 | E83: =D83/365*197.5 -> 15.60643 | F83: 46.59 | G83: =E83*F83 -> 727.10356 | H83: 0 | I83: =H83/365*197.5 -> 0 | J83: 49.95 | K83: =I83*J83 -> 0 | L83: 4.3263394 | M83: =L83/365*197.5 -> 2.3409645 | N83: 57.5 | O83: =M83*N83 -> 134.60546
A84: G0080 | B84: SER0032 | C84: APP0341-GRA | D84: 0 | E84: =D84/365*197.5 -> 0 | F84: 46.59 | G84: =E84*F84 -> 0 | H84: 0 | I84: =H84/365*197.5 -> 0 | J84: 49.95 | K84: =I84*J84 -> 0 | L84: 0 | M84: =L84/365*197.5 -> 0 | N84: 57.5 | O84: =M84*N84 -> 0
A85: G0080 | B85: SER0413 | C85: APP0702-VIPS | D85: 0 | E85: =D85/365*197.5 -> 0 | F85: 46.59 | G85: =E85*F85 -> 0 | H85: 121.44256 | I85: =H85/365*197.5 -> 65.712071 | J85: 49.95 | K85: =I85*J85 -> 3282.3179 | L85: 18.216384 | M85: =L85/365*197.5 -> 9.8568107 | N85: 57.5 | O85: =M85*N85 -> 566.76661
A86: G0080 | B86: SER0413 | C86: APP0900 - ORGA | D86: 0 | E86: =D86/365*197.5 -> 0 | F86: 46.59 | G86: =E86*F86 -> 0 | H86: 0 | I86: =H86/365*197.5 -> 0 | J86: 49.95 | K86: =I86*J86 -> 0 | L86: 0 | M86: =L86/365*197.5 -> 0 | N86: 57.5 | O86: =M86*N86 -> 0
A87: G0080 | B87: SER0413 | C87: APP0899 SIAP | D87: 0 | E87: =D87/365*197.5 -> 0 | F87: 46.59 | G87: =E87*F87 -> 0 | H87: 0 | I87: =H87/365*197.5 -> 0 | J87: 49.95 | K87: =I87*J87 -> 0 | L87: 0 | M87: =L87/365*197.5 -> 0 | N87: 57.5 | O87: =M87*N87 -> 0
A88: G0080 | B88: SER0413 | C88: APP0896 VERDI | D88: 0 | E88: =D88/365*197.5 -> 0 | F88: 46.59 | G88: =E88*F88 -> 0 | H88: 0 | I88: =H88/365*197.5 -> 0 | J88: 49.95 | K88: =I88*J88 -> 0 | L88: 0 | M88: =L88/365*197.5 -> 0 | N88: 57.5 | O88: =M88*N88 -> 0
A89: G0080 | B89: SER0414 | C89: APP0592-RISPLUS | D89: 654.49265 | E89: =D89/365*197.5 -> 354.14328 | F89: 46.59 | G89: =E89*F89 -> 16499.536 | H89: 747.5704 | I89: =H89/365*197.5 -> 404.50727 | J89: 49.95 | K89: =I89*J89 -> 20205.138 | L89: 210.30946 | M89: =L89/365*197.5 -> 113.79758 | N89: 57.5 | O89: =M89*N89 -> 6543.361
A90: G0074 | B90: SER0414 | C90: APP0294-GALIOT consulta històric | D90: 25.73237 | E90: =D90/365*197.5 -> 13.92368 | F90: 46.59 | G90: =E90*F90 -> 648.70423 | H90: 0 | I90: =H90/365*197.5 -> 0 | J90: 49.95 | K90: =I90*J90 -> 0 | L90: 3.8598555 | M90: =L90/365*197.5 -> 2.0885519 | N90: 57.5 | O90: =M90*N90 -> 120.09174
E91: =SUM(E68:E90) -> 1793.4301 | G91: =SUM(G68:G90) -> 83555.907 | I91: =SUM(I68:I90) -> 4920.8408 | K91: =SUM(K68:K90) -> 245796 | M91: =SUM(M68:M90) -> 1007.1406 | O91: =SUM(O68:O90) -> 57910.587
A92: GERÈNCIA DE RECURSOS (GR) LOT1 J2EE | B92: Glòria Santamaria | C92: 582484.78 | D92: =+C92*3 -> 1747454.3 | G92: =+D92/36*M92*0.25 -> 24270.199 | H92: 0 | J92: =+D92+G92+H92 -> 1771724.5 | K92: S | M92: 2 | N92: 43101 | O92: 43236 | P92: 43236 | Q92: 43297
F94: CORR-RECU-OT | G94: TRANS
E95: 2018 | F95: =G91+K91+O91 -> 387262.49 | G95: =G92 -> 24270.199
E96: 2019 | F96: =F64+I64+L64 -> 715700.3
E97: 2020 | F97: =F64+I64+L64 -> 715700.3
E98: 2021 | F98: =F64+I64+L64 -> 715700.3
F99: =SUM(F95:F98) -> 2534363.4 | G99: =SUM(G95:G98) -> 24270.199 | H99: =F99+G99 -> 2558633.6
A104: Queden fora els següents manteniments:
A105: GR | B105: SER0028 | C105: APP0360-Inmagic | G105: 6000
A106: GR | B106: SER0028 | C106: APP0859-Unicorn-hyperion | G106: 11459.83
A107: GR | B107: SER0028 | C107: APP0868-Albala | G107: 21244.99
A108: GR | B108: SER0044 | C108: APP0262-eSubvencions | G108: 60000
A109: GR | B109: Governança de serveis i projectes | G109: 170000
A110: GR | B110: Governança de gestió d'actius | G110: 44000
A111: GR | B111: Bustia etica | G111: 6000
...

Sheet Hoja2
